 Dungeon Crawl Stone Soup version 0.26.0-7-g794d0892b4 (webtiles) character file.

Game seed: 17197847645019211401

117599 dolemite99 the Warrior (level 16, 0/148 (152) HPs)
             Began as a Minotaur Hunter on Jan 10, 2021.
             Was an Initiate of Gozag.
             Drowned by a water nymph (13 damage)
             ... on level 1 of the Shoals.
             The game lasted 00:57:30 (32283 turns).

dolemite99 the Warrior (Minotaur Hunter)           Turns: 32283, Time: 00:57:30

HP:   0/148 (152)   AC: 26    Str: 27    XL:     16   Next: 23%
MP:   25/25         EV:  8    Int: 14    God:    Gozag
Gold: 6             SH: 13    Dex:  7    Spells: 15/15 levels left

rFire    + . .     SeeInvis .   b - +6 eveningstar (flame)
rCold    + + +     Faith    .   e - +0 kite shield
rNeg     + + .     Spirit   .   P - +1 plate armour "Kerequm" {rN+ Int+3}
rPois    +         Reflect  .   z - +3 hat of Pondering {ponderous, Will+ MP+10 Int+5}
rElec    +         Harm     .   M - +0 cloak
rCorr    +         Rampage  .   (no gloves)
Will     +++++                  F - +2 pair of boots
Stlth    ..........             l - amulet "Vusoagh" {RegenMP rC++ Will+++ Str+3 Dex-2}
HPRegen  0.34/turn              m - ring of Utaot {+Inv Will+ Int-2 Dex-2 Slay+6, =R}
MPRegen  0.44/turn              V - ring of positive energy

@: mighty, resistant, engulfed (cannot breathe), gold aura, flying, very
slightly contaminated, hasted, lightly drained, bribing [the Shoals], very quick
A: retaliatory headbutt, horns 2
a: Renounce Religion, Evoke Invisibility, Potion Petition, Call Merchant, Bribe
Branch


You were on level 1 of the Shoals.
You worshipped Gozag.
Gozag was noncommittal.
You visited 5 branches of the dungeon, and saw 25 of its levels.

You collected 9923 gold pieces.
You spent 4474 gold pieces at shops.
You paid 5443 gold pieces to Gozag.

Inventory:

Hand Weapons
 a - a +7 hunting sling of venom
 b - a +6 eveningstar of flaming (weapon)
 w - the +11 whip "Wuxoxt" {venom, +Blink rElec}
   (You found it on level 6 of the Dungeon)

   It poisons the flesh of those it strikes.
   It insulates you from electricity.
   It lets you blink.
Missiles
 d - 30 sling bullets
 f - 562 stones (quivered)
 J - 4 throwing nets
Armour
 e - a +0 kite shield (worn)
 k - the +0 pair of gloves of the Shining Light {rElec rF- Regen+ Int+4}
   (You bought it in a shop on level 1 of the Lair of Beasts)

   It affects your intelligence (+4).
   It makes you vulnerable to fire.
   It insulates you from electricity.
   It increases your rate of regeneration.
 z - the +3 hat of Pondering (worn) {ponderous, Will+ MP+10 Int+5}
   (You took it off Gastronok on level 1 of the Lair of Beasts)

   It affects your intelligence (+5).
   It affects your willpower, your defense against some magical effects.
   It affects your magic capacity (+10).
 F - a +2 pair of boots (worn)
 M - a +0 cloak (worn)
 P - the +1 plate armour "Kerequm" (worn) {rN+ Int+3}
   (You found it on level 10 of the Dungeon)

   It affects your intelligence (+3).
   It protects you from negative energy.
Jewellery
 l - the amulet "Vusoagh" (around neck) {RegenMP rC++ Will+++ Str+3 Dex-2}
   (You acquired it on level 12 of the Dungeon)

   [amulet of magic regeneration]

   It increases your magic regeneration.
   It affects your strength (+3).
   It affects your dexterity (-2).
   It greatly protects you from cold.
   It affects your willpower, your defense against some magical effects.
 m - the ring of Utaot (left hand) {+Inv Will+ Int-2 Dex-2 Slay+6, =R}
   (You found it on level 5 of the Dungeon)

   [ring of willpower]

   It affects your intelligence (-2).
   It affects your dexterity (-2).
   It affects your accuracy and damage with ranged weapons and melee attacks
   (+6).
   It affects your willpower, your defense against some magical effects.
   It lets you turn invisible.
 u - an uncursed ring of ice
 y - an uncursed amulet of regeneration
 I - an uncursed ring of resist corrosion
 N - an uncursed ring of poison resistance
 U - an uncursed ring of fire
 V - a ring of positive energy (right hand)
Wands
 c - a wand of random effects (14)
 i - a wand of digging (7)
 t - a wand of disintegration (23)
 H - a wand of iceblast (47)
 L - a wand of acid (15)
 X - a wand of flame (12)
 Y - a wand of polymorph (20)
Scrolls
 j - 8 scrolls of remove curse {@r2}
 D - a scroll of fog
 E - 5 scrolls of teleportation
 G - 2 scrolls of magic mapping
 O - 6 scrolls of amnesia
 W - 8 scrolls of identify {@r1}
 Z - a scroll of enchant armour
Potions
 o - 6 potions of berserk rage
 p - 7 potions of brilliance
 q - a potion of flight
 r - 6 potions of attraction
 s - a potion of ambrosia
 v - 2 potions of haste
 A - 5 potions of might
 B - 2 potions of cancellation
 C - 2 potions of magic
 Q - 8 potions of curing
Miscellaneous
 g - a box of beasts (inert)
 h - a phantom mirror (inert)
 x - a condenser vane (inert)
 R - a lightning rod (4/4)
 T - a tin of tremorstones (inert)


   Skills:
 + Level 16.6 Fighting
 - Level 2.5 Short Blades
 - Level 14.6 Maces & Flails
 - Level 9.2 Slings
 + Level 16.3 Armour
 - Level 2.1 Dodging
 - Level 0.7 Stealth
 - Level 12.0 Shields
 + Level 11.3 Evocations


You had 15 spell levels left.
You didn't know any spells.
Your spell library contained the following spells:

 Spells                   Type           Power        Failure   Level
 Freeze                   Ice            0%           94%         1
 Magic Dart               Conj           0%           94%         1
 Shock                    Conj/Air       0%           94%         1
 Blink                    Tloc           N/A          98%         2
 Call Imp                 Summ           0%           98%         2
 Searing Ray              Conj           0%           98%         2
 Slow                     Hex            0%           98%         2
 Swiftness                Air            0%           98%         2
 Confusing Touch          Hex            0%           100%        3
 Conjure Flame            Conj/Fire      0%           100%        3
 Dazzling Flash           Conj/Hex       0%           100%        3
 Frozen Ramparts          Ice            0%           100%        3
 Gell's Gravitas          Tloc           0%           100%        3
 Ignite Poison            Fire/Tmut/Pois 0%           100%        3
 Mephitic Cloud           Conj/Pois/Air  0%           100%        3
 Ozocubu's Armour         Ice            0%           100%        3
 Static Discharge         Conj/Air       0%           100%        3
 Airstrike                Air            0%           100%        4
 Cause Fear               Hex            0%           100%        4
 Fulminant Prism          Conj/Hex       0%           100%        4
 Hailstorm                Conj/Ice       0%           100%        4
 Iskenderun's Mystic Bla  Conj/Tloc      0%           100%        4
 Petrify                  Tmut/Erth      0%           100%        4
 Summon Ice Beast         Ice/Summ       0%           100%        4
 Fireball                 Conj/Fire      0%           100%        5
 Lightning Bolt           Conj/Air       0%           100%        5
 Metabolic Englaciation   Hex/Ice        0%           100%        5
 Silence                  Hex/Air        0%           100%        5
 Yara's Violent Unravell  Hex/Tmut       0%           100%        5
 Starburst                Conj/Fire      0%           100%        6
 Discord                  Hex            0%           100%        8
 Ignition                 Fire           0%           100%        8


Dungeon Overview and Level Annotations

Branches:
Dungeon (15/15)            Temple (1/1) D:4            Lair (6/6) D:9
 Shoals (1/4) Lair:3       Spider (0/4) Lair:2        Slime (0/5) Lair:5
    Orc (2/2) D:9             Elf (0/3) Orc:2        Vaults (0/5) D:14
 Depths (0/5) D:15

Altars:
Cheibriados
Dithmenos
Elyvilon
Fedhas
Gozag
Kikubaaqudgha
Makhleb
Nemelex Xobeh
Okawaru
Qazlal
Ru
Sif Muna
Trog
Uskayaw
Vehumet
Wu Jian
Xom
Yredelemnul
Zin
The Shining One
Beogh

Shops:
D:10 *   D:14 !   Orc:1 }   Orc:2 *(*[   Lair:1 *   Lair:4 }

Annotations:
D:3 1 runed translucent door, Crazy Yiuf
D:5 2 transporters, Moox's ghost, amateur GnCK
D:9 1 runed translucent door
D:14 1 runed translucent door, Kilet's ghost, adept GrEE
D:15 3 runed translucent doors, VictoriousLee's ghost, adept FoAK
Lair:3 exclusion: 4 oklob plants
Lair:4 exclusion: oklob plant
Lair:6 2 runed translucent doors, XxsatanxX's ghost, journeyman TrFi


Innate Abilities, Weirdness & Mutations

You reflexively headbutt those who attack you in melee.
You have a pair of horns on your head.


Message History

The water elemental holds its ground!
The water elemental is no longer distracted by gold.
Evoke which item? (* to show all) (? for menu, Esc to quit)
Clouds of flame condense around you!
The condenser dries out!
* * * LOW HITPOINT WARNING * * *
Your lungs strain for air!
The merfolk aquamancer hits you with a +2 rapier of speed!
* * * LOW HITPOINT WARNING * * *
The manticore bites your mature shockox beast.
The manticore claws your mature shockox beast. x2
The water elemental hits your mature shockox beast!!
The water elemental engulfs your mature shockox beast in water!
Your plate armour "Kerequm" prevents you from hitting the harpy.
* * * LOW HITPOINT WARNING * * *
Your lungs strain for air!
The water nymph is no longer distracted by gold.
You block the harpy's attack. x2; The water nymph touches you.
The water nymph drowns you!
You die...
Your body crumbles into a pile of gold.

$ .≈≈≈≈≈≈≈≈≈≈≈≈≈≈≈
..≈≈≈≈m≈≈≈≈≈≈≈≈≈≈
..≈≈≈≈≈≈≈≈≈≈≈≈≈≈≈
...≈≈≈≈≈≈≈≈≈≈≈≈≈≈
#..≈≈≈≈≈≈≈≈≈≈≈≈≈≈
#.≈.§§§§§§§≈≈≈≈≈≈≈≈≈≈≈.#
.≈≈.§§§HmH§m≈≈≈≈≈≈≈≈≈≈.#
≈≈≈≈§§m§m#§≈≈≈≈≈≈≈≈≈≈≈≈.
≈≈≈≈≈HE@###≈≈≈≈≈≈≈≈≈≈≈≈≈
≈≈≈≈Hk§## #≈Hm≈≈≈≈≈≈≈≈≈
≈≈≈≈§## #.≈≈≈≈≈≈≈≈≈≈≈
≈≈k≈. ###≈≈≈m≈≈≈≈≈..≈
≈≈c≈ #.!≈≈≈m≈≈≈..... ≈≈≈
.≈≈≈≈≈≈≈≈≈.##.. ≈
≈≈≈≈≈≈≈≈≈m.#
≈≈≈≈≈≈≈EE≈≈...≈
≈≈≈≈>≈≈≈≈≈m≈..≈


You could see a merfolk aquamancer, a wind drake (repels missiles), a manticore,
a water elemental, 2 water nymphs, 2 harpies and a friendly mature shockox beast
(summoned, drowning).

Vanquished Creatures
  Gastronok (Lair:1)
  Kirke (D:15)
  Louise (D:15)
  Nessos (D:13)
  3 fire dragons
  Snorg (D:10)
  Josephine (D:15)
  Fannar (D:10)
  2 vault guards (D:14)
  Harold (D:11)
  A rakshasa (D:15)
  2 boulder beetles
  12 hydras
  A catoblepas (Lair:5)
  2 merfolk aquamancers (Shoals:1)
  3 centaur warriors
  Erica (D:11)
  2 death knights
  6 two-headed ogres
  A tengu warrior (D:13)
  Urug (D:11)
  5 orc high priests (Orc:2)
  Nergalle (Lair:2)
  A fire crab (Lair:5)
  3 unseen horrors
  4 skeletal warriors
  A wizard (D:14)
  2 harpies
  A swamp dragon (Lair:6)
  4 manticores
  An orc sorcerer (Orc:2)
  5 orc knights
  A wolf spider (Lair:2)
  A deep elf mage (D:14)
  6 cyclopes
  8 ugly things
  Joseph (D:11)
  3 merfolk sirens (Lair:3)
  8 black mambas
  13 cane toads
  Psyche (D:8)
  A torpor snail (Lair:3)
  2 gargoyles
  A yaktaur (shapeshifter) (D:15)
  5 rime drakes
  18 komodo dragons
  4 efreet
  A yaktaur (D:14)
  2 freezing wraiths
  2 tengu conjurers (D:15)
  10 polar bears (Lair:6)
  Grinder (D:6)
  2 merfolk
  A hornet (D:11)
  9 trolls
  6 slime creatures
  7 blink frogs
  A jumping spider (Lair:2)
  10 dream sheep
  A meliai zombie (D:13)
  6 raiju (Lair:6)
  A centaur simulacrum (D:14)
  2 redbacks (Lair:2)
  A water elemental (Shoals:1)
  9 wraiths
  Sigmund (D:7)
  3 vampires
  2 shadows (D:15)
  9 humans
  5 wyverns
  40 yaks
  5 basilisks
  A hog (D:15)
  4 vampire mosquitoes
  A soldier ant (D:7)
  5 wargs
  2 acid dragons
  3 floating eyes (D:12)
  16 water moccasins
  11 hell hounds (Lair:6)
  42 orc warriors
  6 ice beasts
  5 necrophages (D:10)
  A swamp drake (Lair:6)
  18 black bears
  3 phantoms
  4 sky beasts
  6 ogres
  3 boggarts (D:15)
  33 wolves
  6 centaurs
  28 bullfrogs
  5 big kobolds
  A wyvern zombie (D:12)
  7 scorpions
  16 wights
  27 killer bees
  6 howler monkeys
  4 electric eels
  4 quasits
  A bullfrog zombie (D:13)
  3 centaur zombies
  29 orc priests
  7 jellies
  19 orc wizards
  9 hounds
  4 bullfrog skeletons
  5 centaur skeletons
  Jessica (D:3)
  7 iguanas
  8 worker ants
  4 hell rats (Lair:3)
  A killer bee zombie (D:7)
  2 hound zombies
  3 hound skeletons
  2 worker ant zombies
  A howler monkey zombie (D:10)
  11 gnolls
  A howler monkey skeleton (D:7)
  15 adders
  A shadow imp (D:10)
  4 white imps
  4 ufetubi
  4 oozes (Lair:5)
  An adder skeleton (D:4)
  A worm (D:4)
  3 dart slugs
  5 leopard geckos
  87 orcs
  6 bats
  4 giant cockroaches
  7 goblins
  12 hobgoblins
  10 jackals
  A quokka (D:6)
  2 frilled lizards
  A giant cockroach zombie (D:5)
  A jackal skeleton (D:4)
  24 kobolds
  A leopard gecko skeleton (D:9)
  5 rats
868 creatures vanquished.

Vanquished Creatures (collateral kills)
  Jorgrun (Shoals:1)
  An orc knight (D:11)
  A water nymph (Shoals:1)
  An orc warrior (D:15)
  An ice beast (D:11)
5 creatures vanquished.

Vanquished Creatures (others)
  A vault guard (D:14)
  A merfolk siren (Shoals:1)
  A water elemental (Shoals:1)
  2 humans (D:15)
  61 fungi
  174 plants
240 creatures vanquished.

Grand Total: 1113 creatures vanquished

Notes
Turn   | Place    | Note
-------+----------+-------------------------------------------
     0 | D:1      | dolemite99 the Minotaur Hunter began the quest for the Orb.
     0 | D:1      | Reached XP level 1. HP: 18/18 MP: 0/0
   126 | D:1      | Reached XP level 2. HP: 25/25 MP: 1/1
   164 | D:1      | Reached skill level 5 in Slings
   167 | D:1      | Reached skill level 1 in Short Blades
   342 | D:1      | Reached XP level 3. HP: 30/30 MP: 2/2
   909 | D:2      | Reached XP level 4. HP: 37/37 MP: 3/3
   942 | D:2      | Found a sacrificial altar of Ru.
   942 | D:2      | Found a glowing golden altar of the Shining One.
   946 | D:2      | Found a sparkling altar of Nemelex Xobeh.
   954 | D:2      | Became a worshipper of the Shining One
  1096 | D:2      | Found a faded altar of an unknown god.
  1252 | D:3      | Noticed Jessica
  1261 | D:3      | Killed Jessica
  1296 | D:3      | Reached XP level 5. HP: 28/46 MP: 4/4
  1800 | D:3      | Reached skill level 5 in Fighting
  2395 | D:3      | Found a runed translucent door.
  2396 | D:3      | Noticed Crazy Yiuf
  2449 | D:3      | Reached skill level 1 in Armour
  2771 | D:4      | Reached XP level 6. HP: 56/56 MP: 5/5
  2781 | D:4      | Found a staircase to the Ecumenical Temple.
  3168 | D:4      | Found a shimmering altar of Xom.
  3278 | D:3      | Found an ancient bone altar of Kikubaaqudgha.
  3327 | Temple   | Entered the Ecumenical Temple
  3335 | Temple   | Fell from the grace of the Shining One
  3335 | Temple   | Became a worshipper of Gozag Ym Sagoz the Greedy
  3355 | D:5      | Entered Level 5 of the Dungeon
  3355 | D:5      | Found a transporter.
  3356 | D:5      | Identified the +1 scale mail of Likaohoh {-Tele rElec rN++
                  | Str+4}
  3391 | D:5      | Found Zin's Purification Station.
  3402 | D:5      | Found a glowing silver altar of Zin.
  3434 | D:5      | Bought a potion of curing for 90 gold pieces
  3498 | D:5      | Found a hide-covered altar of Uskayaw.
  3508 | D:5      | Reached skill level 5 in Armour
  3594 | D:5      | Reached XP level 7. HP: 61/61 MP: 6/6
  3613 | D:5      | Found a transporter.
  3625 | D:5      | Noticed Moox's ghost (amateur GnCK)
  3664 | D:5      | Noticed Grinder
  3674 | D:6      | Paralysed by Grinder for 3 turns
  4079 | D:5      | Got a twitching copper ring
  4167 | D:5      | Found a blossoming altar of Fedhas.
  4610 | D:6      | Identified the ring of Utaot {+Inv Will+ Int-2 Dex-2
                  | Slay+6} (You found it on level 5 of the Dungeon)
  5317 | D:6      | Reached XP level 8. HP: 71/71 MP: 7/7
  5409 | D:6      | Killed Grinder
  6159 | D:7      | Found a burning altar of Makhleb.
  6346 | D:7      | Noticed a purple ugly thing
  6363 | D:7      | Killed a purple ugly thing
  6371 | D:7      | Reached XP level 9. HP: 71/82 MP: 8/8
  6376 | D:7      | Noticed a six-headed hydra
  6381 | D:7      | HP: 6/123 [six-headed hydra (7)]
  6389 | D:7      | Killed a six-headed hydra
  6511 | D:7      | Noticed a gargoyle
  6524 | D:7      | Killed a gargoyle
  6960 | D:7      | Got an ancient shortbow
  6964 | D:7      | Identified the +2 shortbow of Okawaru's Esteem {freeze,
                  | rElec MP+9 Str+4} (You found it on level 7 of the Dungeon)
  7174 | D:7      | Found a snail-covered altar of Cheibriados.
  7186 | D:7      | Reached skill level 10 in Fighting
  7256 | D:7      | Noticed Sigmund
  7422 | D:7      | Killed Sigmund
  7423 | D:7      | Reached skill level 10 in Armour
  7593 | D:8      | Reached XP level 10. HP: 82/94 MP: 9/9
  7942 | D:8      | Noticed a two-headed ogre
  7951 | D:8      | Killed a two-headed ogre
  8191 | D:8      | Noticed Psyche
  8197 | D:8      | Killed Psyche
  8917 | D:9      | Found a staircase to the Lair.
  9340 | D:9      | Reached skill level 1 in Maces & Flails
  9456 | D:9      | Noticed a harpy
  9463 | D:9      | Killed a harpy
  9467 | D:9      | Reached XP level 11. HP: 86/104 MP: 10/10
  9535 | D:9      | Reached skill level 5 in Maces & Flails
  9625 | D:9      | Noticed a cyan ugly thing
  9648 | D:9      | Killed a cyan ugly thing
  9662 | D:9      | Noticed a two-headed ogre
  9806 | D:9      | Killed a two-headed ogre
 10246 | D:9      | Found a hide-covered altar of Uskayaw.
 10463 | D:9      | Found a staircase to the Orcish Mines.
 10766 | D:9      | Found a roughly hewn altar of Beogh.
 11040 | D:9      | Found a runed translucent door.
 11214 | Lair:1   | Entered Level 1 of the Lair of Beasts
 11214 | Lair:1   | Noticed a seven-headed hydra
 11225 | Lair:1   | Killed a seven-headed hydra
 11375 | Lair:1   | Bought a pair of ichor-stained gloves for 313 gold pieces
 11380 | Lair:1   | Identified the +0 pair of gloves of the Shining Light
                  | {rElec rF- Regen+ Int+4} (You bought it in a shop on level
                  | 1 of the Lair of Beasts)
 11385 | Lair:1   | Bought a faintly humming chain mail for 313 gold pieces
 11405 | D:9      | Identified the +7 chain mail of the Comet {-Tele *Corrode
                  | Will+++ Str+7} (You bought it in a shop on level 1 of the
                  | Lair of Beasts)
 11461 | Lair:1   | Noticed a four-headed hydra
 11469 | Lair:1   | Killed a four-headed hydra
 11524 | Lair:1   | Reached skill level 10 in Maces & Flails
 12490 | Lair:1   | Noticed Gastronok
 12503 | Lair:1   | Killed Gastronok
 12504 | Lair:1   | Reached XP level 12. HP: 112/112 MP: 11/11
 12837 | Lair:2   | Found a hole to the Spider Nest.
 13220 | Lair:1   | Bought a scroll of identify for 66 gold pieces
 13220 | Lair:1   | Bought a scroll of identify for 66 gold pieces
 13220 | Lair:1   | Bought a scroll of identify for 66 gold pieces
 13220 | Lair:1   | Bought 2 golden potions for 59 gold pieces
 13220 | Lair:1   | Bought a blackened iron ring for 165 gold pieces
 13405 | Lair:2   | Noticed an eight-headed hydra
 13414 | Lair:2   | Killed an eight-headed hydra
 13752 | D:6      | Got a crystal whip
 13753 | D:6      | Identified the +11 whip "Wuxoxt" {venom, +Blink rElec} (You
                  | found it on level 6 of the Dungeon)
 14158 | Lair:2   | Noticed Nergalle
 14168 | Lair:2   | Killed Nergalle
 14677 | Lair:3   | Found a staircase to the Shoals.
 14784 | Lair:3   | Reached skill level 1 in Evocations
 14951 | Lair:3   | Found the +6 lightning scales {run, rElec}
 15220 | Lair:4   | Reached XP level 13. HP: 119/119 MP: 12/12
 15310 | Lair:4   | Reached skill level 5 in Evocations
 15593 | Lair:4   | Bought a wand of iceblast (8) for 168 gold pieces
 15593 | Lair:4   | Bought a wand of iceblast (9) for 182 gold pieces
 15593 | Lair:4   | Bought a wand of iceblast (6) for 140 gold pieces
 15731 | Lair:4   | Found a radiant altar of Vehumet.
 16758 | Lair:5   | Reached skill level 5 in Shields
 16810 | Lair:5   | Found a staircase to the Slime Pits.
 17774 | Lair:6   | Entered Level 6 of the Lair of Beasts
 17868 | Lair:6   | Found a large runed translucent door.
 17869 | Lair:6   | Found a large runed translucent door.
 17937 | Lair:6   | Noticed XxsatanxX's ghost (journeyman TrFi)
 18578 | Lair:6   | Reached XP level 14. HP: 129/129 MP: 13/13
 19094 | Lair:6   | Got a warped scimitar
 20121 | Lair:5   | Identified the cursed +1 scimitar "Nefukiro" {holy, rN+}
                  | (You found it on level 6 of the Lair of Beasts)
 20265 | D:10     | Entered Level 10 of the Dungeon
 20497 | D:10     | Found a hide-covered altar of Uskayaw.
 20561 | D:10     | Found Jeffuacoe's General Store.
 20598 | D:10     | Bought a scroll of identify for 30 gold pieces
 20601 | D:10     | Bought a box of beasts for 600 gold pieces
 20601 | D:10     | Bought a phantom mirror for 600 gold pieces
 20743 | D:10     | Identified the +1 plate armour "Kerequm" {rN+ Int+3} (You
                  | found it on level 10 of the Dungeon)
 20804 | D:10     | Noticed Fannar
 20817 | D:10     | Killed Fannar
 21317 | D:10     | Noticed Snorg
 21328 | D:10     | Killed Snorg
 21676 | D:11     | Noticed Joseph
 21677 | D:11     | Noticed Erica
 21688 | D:11     | Killed Erica
 21689 | D:11     | Reached skill level 10 in Shields
 21702 | D:11     | Killed Joseph
 21748 | D:11     | Noticed Harold
 21753 | D:11     | Killed Harold
 21893 | D:11     | Noticed Urug
 21902 | D:11     | Killed Urug
 23466 | Orc:1    | Entered Level 1 of the Orcish Mines
 23534 | Orc:1    | Found Novaix's Gadget Emporium.
 23562 | Orc:1    | Found a bloodstained altar of Trog.
 23694 | Orc:1    | Bought a lightning rod (4/4) for 420 gold pieces
 23887 | Orc:2    | Entered Level 2 of the Orcish Mines
 24695 | Orc:2    | Found a staircase to the Elven Halls.
 24911 | Orc:2    | Found Raotos's Armour Shop.
 25838 | Orc:2    | Reached XP level 15. HP: 134/139 MP: 14/14
 26265 | Orc:2    | Found Tyirrouba's General Store.
 26268 | Orc:2    | Found Keceileph's Weapon Emporium.
 26269 | Orc:2    | Found Wucwod's General Store.
 26270 | Orc:2    | Found Deaw's Antique Armour Shoppe.
 26283 | Orc:2    | Bought a potion of berserk rage for 65 gold pieces
 26288 | Orc:2    | Bought a +3 morningstar of venom for 305 gold pieces
 26297 | Orc:2    | Bought a wand of acid (8) for 336 gold pieces
 26297 | Orc:2    | Bought a potion of curing for 42 gold pieces
 26297 | Orc:2    | Bought a scroll of immolation for 49 gold pieces
 26508 | D:12     | Identified a scroll of acquirement
 26508 | D:12     | Acquired 900 gold pieces
 26602 | D:12     | Acquired a +3 eveningstar of flaming
 26608 | D:12     | Acquired the amulet "Vusoagh" {RegenMP rC++ Will+++ Str+3
                  | Dex-2}
 26885 | D:12     | Paralysed by a floating eye for 2 turns
 27374 | D:13     | Reached skill level 15 in Fighting
 27748 | D:13     | Noticed Nessos
 27754 | D:13     | Killed Nessos
 28710 | D:13     | Reached skill level 15 in Armour
 28748 | D:14     | Found Kaduleru's Distillery.
 28759 | D:14     | Bought a potion of might for 76 gold pieces
 28759 | D:14     | Bought a potion of might for 76 gold pieces
 28841 | D:14     | Bought a potion of berserk rage for 95 gold pieces
 28841 | D:14     | Bought a potion of cancellation for 152 gold pieces
 28862 | D:14     | Reached skill level 10 in Evocations
 28862 | D:14     | Found a runed translucent door.
 29636 | D:14     | Found a shadowy altar of Dithmenos.
 29845 | D:14     | Noticed Kilet's ghost (adept GrEE)
 30001 | D:14     | Found a gate to the Vaults.
 30208 | D:15     | Entered Level 15 of the Dungeon
 30322 | D:15     | Noticed Josephine
 30325 | D:15     | Killed Josephine
 30358 | D:15     | Noticed Louise
 30366 | D:15     | Noticed Kirke
 30386 | D:15     | Killed Kirke
 30410 | D:15     | Killed Louise
 30445 | D:15     | Reached XP level 16. HP: 63/151 MP: 15/15
 31605 | D:15     | Found a staircase to the Depths.
 31696 | D:15     | Noticed VictoriousLee's ghost (adept FoAK)
 31827 | D:15     | Found a runed translucent gate.
 31827 | D:15     | Found a runed translucent gate.
 31827 | D:15     | Found a runed translucent gate.
 32036 | D:15     | Upgraded the game from 0.26.0-3-g156281e41b to
                  | 0.26.0-7-g794d0892b4
 32238 | Shoals:1 | Entered Level 1 of the Shoals
 32238 | Shoals:1 | Noticed Jorgrun
 32248 | Shoals:1 | Killed Jorgrun
 32283 | Shoals:1 | Drowned by a water nymph

Illustrated notes

Levels and vault maps discovered:
D:1:      dpeg_arrival_shrine, layout_basic, serial_park_tiny_pond
D:2:      layout_rooms, minitemple, chequers_ecumenical_altar_simple_redux
D:3:      lemuel_upstairs_altar, layout_loops_cross, uniq_jessica,
          uniq_crazy_yiuf_cottage
D:4:      layout_loops_ring, kennysheep_little_box,
          minmay_temple_entry_drinking_statues
D:5:      layout_basic, fedhas_altar_fruit_tree, zin_purify, basic_altar,
          gammafunk_ghost_gnarly_gnolls, uniq_grinder
D:6:      layout_cave_pods
D:7:      minmay_the_grid_triangle_9x9_recursive_2
          [minmay_the_grid_triangle_9x9_prize_top_heavy,
          minmay_the_grid_triangle_9x9_stretched_checkered,
          minmay_the_grid_triangle_9x9_skeleton,
          minmay_the_grid_triangle_9x9_zippers_horizontal], layout_loops_ring,
          kennysheep_mini_moat, basic_altar, hangedman_decor_push, sigmund_army
D:8:      layout_loops_ring, grunt_ministairs_6, uniq_psyche
D:9:      nzn_winding_woodlands_stair_cross [nzn_winding_woodlands_5x15_cabin,
          nzn_winding_woodlands_center_pierced_h,
          nzn_winding_woodlands_5x15_lazy_stream,
          nzn_winding_woodlands_5x5_cross,
          nzn_winding_woodlands_5x5_closed_star,
          nzn_winding_woodlands_5x15_garden,
          nzn_winding_woodlands_center_garden,
          nzn_winding_woodlands_5x15_default], layout_stronghold,
          eat_drink_and_be_merry_uskayaw, due_lair_maze_entry_diamond,
          minmay_orc_entry_temple_small, minmay_misc_feat_enclosed,
          lightli_church_of_beogh
D:10:     layout_rooms, serial_undead, serial_undead_b, serial_undead_c,
          serial_undead_a, serial_undead_a, serial_shops, shop_statue,
          basic_altar, minmay_stone_trees_large, uniq_snorg, uniq_fannar
D:11:     kennysheep_spiral_hall, layout_stronghold, sword_in_stone
D:12:     layout_basic, onia_ninara_cookie
D:13:     kennysheep_blocky_hall, layout_basic, serial_glass, glass_columns_b,
          glass_columns_a, glass_columns_a, glass_columns_a, glass_columns_a,
          glass_columns_a, glass_columns_a, glass_columns_a, glass_columns_b,
          glass_columns_a, uniq_nessos
D:14:     minmay_diamond_stairs, layout_basic, ximxim_vaults_locker_room,
          grunt_dithmenos_smoke, serial_shops, shop_statue,
          gammafunk_ghost_grave
D:15:     grunt_enter_depths_hoard, layout_loops_ring,
          chequers_serial_rivers_micro_e, gammafunk_ghost_icy, uniq_josephine,
          uniq_louise, uniq_kirke
Temple:   eino_temple_lava
Lair:1:   layout_gridlike, uniq_gastronok
Lair:2:   wad_woods_pond, layout_long_grid, spider_nest_entry_funnel_web,
          gauntlet_entry_generic, uniq_nergalle
Lair:3:   layout_concentric_octagons, elwin_shoals_entry_stream,
          chequers_serial_rivers_micro_e, serial_bayou_ford_a,
          lemuel_fruit_fields, infiniplex_staircase_pool,
          minmay_lair_oklob_chamber
Lair:4:   layout_misc_corridors, enter_volcano_1, lemuel_oklob_altar
Lair:5:   layout_gridlike, nicolae_slime_entry_slimehenge,
          kennysheep_catoblepas_arena, serial_bayou_shore_a
Lair:6:   hangedman_lair_caniforms_friends, layout_loops_ring,
          guppyfry_lair_end_dragon, ebering_ghost_disaster_area,
          grunt_forest_small_clearing_treed
Shoals:1: layout_shoals, nicolae_shoals_cliffside_cave,
          nicolae_shoals_water_shrine, uniq_jorgrun
Orc:1:    layout_diamond_mine, serial_shops, shop_statue, trog_butcher_becter
Orc:2:    st_orc_pillars, layout_caves, serial_shops, shop_statue

Skill      XL: |  1  2  3  4  5  6  7  8  9 10 11 12 13 14 15 16 |
---------------+-------------------------------------------------+-----
Slings         | 5 6 8 9 |  9.2
Short Blades   | 1 2 |  2.5
Fighting       | 4 5 6 8 10 11 12 13 14 16 | 16.6
Armour         | 2 5 6 8 10 11 12 14 15 16 | 16.3
Shields        | 4 9 12 | 12.0
Maces & Flails | 4 12 14 | 14.6
Evocations     | 4 8 9 10 11 | 11.3
Dodging        | |  2.1
Stealth        | |  0.7

Action                   |  1- 3 |  4- 6 |  7- 9 | 10-12 | 13-15 | 16-18 || total
-------------------------+-------+-------+-------+-------+-------+-------++-------
Melee: Short sword       |     7 |    10 |     9 |     5 |       |       ||    31
       Headbutt          |       |     3 |       |    30 |    79 |    11 ||   123
       Whip              |       |       |       |   140 |   291 |       ||   431
       Hunting sling     |       |       |       |       |     1 |       ||     1
       Eveningstar       |       |       |       |       |    83 |    51 ||   134
 Fire: Hunting sling     |   100 |   131 |   261 |   515 |  1369 |    59 ||  2435
Throw: Stone             |     3 |       |       |    13 |    27 |    15 ||    58
Invok: Potion Petition   |       |       |     1 |       |       |     1 ||     2
       Call Merchant     |       |       |       |     1 |     1 |       ||     2
       Bribe Branch      |       |       |       |       |       |     1 ||     1
 Abil: Evoke Invisibilit |       |       |       |       |       |     1 ||     1
Evoke: Tin of tremorston |       |       |       |     2 |     7 |     1 ||    10
       Wand              |       |       |       |    11 |     8 |       ||    19
       Lightning rod     |       |       |       |       |     8 |     2 ||    10
       Condenser vane    |       |       |       |       |     4 |     1 ||     5
       Phantom mirror    |       |       |       |       |     3 |     1 ||     4
       Box of beasts     |       |       |       |       |     2 |     1 ||     3
  Use: Scroll            |       |     1 |    14 |    21 |    21 |     3 ||    60
       Potion            |       |       |     6 |       |     3 |     7 ||    16
 Stab: Distracted        |       |       |       |     1 |     1 |       ||     2
       Paralysed         |       |       |       |       |     2 |       ||     2
       Invisible         |       |       |       |       |       |     2 ||     2
Armor: Leather armour    |     6 |     1 |       |       |       |       ||     7
       Chain mail        |       |    21 |       |       |       |       ||    21
       Plate armour      |       |     1 |    40 |   155 |   387 |    33 ||   616
       Skin              |       |       |    51 |       |       |       ||    51
Dodge: Dodged            |    23 |    19 |    28 |    72 |   155 |    21 ||   318
Block: Buckler           |       |       |    14 |    48 |    10 |       ||    72
       Kite shield       |       |       |       |       |   347 |    52 ||   399
